 Dungeon Crawl Stone Soup version 0.20-a0-537-g052e6ba (webtiles) character file.

254 Kidiri the Magician (level 5, -3/28 HPs)
             Began as a Deep Elf Fire Elementalist on Jan 27, 2017.
             Was an Initiate of Vehumet.
             Slain by Graouh's ghost (16 damage)
             ... on level 3 of the Dungeon.
             The game lasted 00:07:00 (2380 turns).

Kidiri the Magician (Deep Elf Fire Elementalist)    Turns: 2380, Time: 00:07:02

Health: -3/28      AC:  3    Str:  5    XL:     5   Next: 91%
Magic:  12/15      EV: 13    Int: 21    God:    Vehumet [......]
Gold:   135        SH:  0    Dex: 15    Spells: 3/16 levels left

rFire    . . .     SeeInvis .   e - +0 dagger
rCold    . . .     Gourm    .   a - +1 robe
rNeg     . . .     Faith    .   (no shield)
rPois    .         Spirit   .   (no helmet)
rElec    .         Reflect  .   (no cloak)
rCorr    .         Harm     +   (no gloves)
MR       .....                  (no boots)
Stlth    ++........             j - amulet of harm
Regen    0.1/turn               (no ring)
                                (no ring)

@: about to teleport
A: no striking features
a: Renounce Religion


You were on level 3 of the Dungeon.
You worshipped Vehumet.
Vehumet was noncommittal.
You were hungry.

You visited 1 branch of the dungeon, and saw 3 of its levels.

You collected 135 gold pieces.

Inventory:

Hand Weapons
 e - a +0 dagger (weapon)
Armour
 a - a +1 robe (worn)
Jewellery
 j - an amulet of harm (around neck)
Scrolls
 f - 2 scrolls of teleportation
 g - 2 scrolls of remove curse
 i - a scroll of noise
 k - a scroll of fog
 l - a scroll of identify
Books
 b - a book of Flames

   Spells                             Type                      Level
   a - Flame Tongue                   Conjuration/Fire             1
   b - Throw Flame                    Conjuration/Fire             2
   c - Conjure Flame                  Conjuration/Fire             3
   d - Inner Flame                    Hexes/Fire                   3
   e - Sticky Flame                   Conjuration/Fire             4
   f - Fireball                       Conjuration/Fire             5
Comestibles
 c - 3 bread rations
 d - a royal jelly
 h - a meat ration
 m - a fruit
 p - 4 chunks of flesh


   Skills:
 - Level 2.4 Dodging
 - Level 2.4 Stealth
 * Level 6.3 Spellcasting
 + Level 3.3 Conjurations
 + Level 4.4 Fire Magic


You had 3 spell levels left.
You knew the following spells:

 Your Spells              Type           Power        Failure   Level  Hunger
a - Flame Tongue          Conj/Fire      ###..        1%          1    None
b - Throw Flame           Conj/Fire      ###...       2%          2    None
c - Conjure Flame         Conj/Fire      ###.....     6%          3    #......
d - Inner Flame           Hex/Fire       ###.....     14%         3    #......
e - Sticky Flame          Conj/Fire      ###.....     21%         4    ###....


Dungeon Overview and Level Annotations

Branches:
Dungeon (3/15)

Altars:
Makhleb
Okawaru
Trog
Vehumet

Annotations:
D:3 Graouh's ghost, amateur MiFi


Message History

Casting: Flame Tongue
Confirm with . or Enter, or press ? or * to list all spells.
Aiming: Conjure Flame
Press: ? - help, Dir - move target cursor, p - hobgoblin The fire roars!
The goblin closely misses you. The goblin completely misses you.
Found a stone staircase leading up.
Some of the chunks of flesh in your inventory have rotted away.
There is a stone staircase leading up here.
A goblin comes into view. It is wielding a dagger.
The goblin shouts!
Found 13 gold pieces.
A goblin comes into view. It is wielding a dagger.
Your magical contamination has completely faded away.
Found a stone staircase leading up.
Graouh's ghost wails.
As you read the scroll of teleportation, it crumbles to dust.
You feel strangely unstable. Graouh's ghost hits you!
Ouch! That really hurt!
You die...

.......###.#
###.#
..###.#......#
#.#
.......g.#####
#.. ...###.##
#.# #g# ###.#
#g# #...# #.#
#.#.# ######g#
#.... #..@W.<#
#.... ########
#####


You could see Graouh's ghost and a goblin.

Vanquished Creatures
  Sigmund (D:2)
  Ijyb (D:3)
  2 adders (D:2)
  2 leopard geckos (D:1)
  An orc (D:3)
  6 bats
  7 goblins
  9 hobgoblins
  5 jackals
  A quokka (D:2)
  2 ball pythons
  2 frilled lizards
  6 kobolds
  4 rats
49 creatures vanquished.

Notes
Turn   | Place    | Note
-------+----------+-------------------------------------------
     0 | D:1      | Kidiri the Deep Elf Fire Elementalist began the quest for the Orb.
     0 | D:1      | Reached XP level 1. HP: 10/10 MP: 6/6
   200 | D:1      | Reached XP level 2. HP: 5/15 MP: 0/8
   204 | D:1      | Learned a level 2 spell: Throw Flame
   745 | D:1      | Reached skill level 4 in Spellcasting
  1044 | D:1      | Reached XP level 3. HP: 19/19 MP: 3/10
  1049 | D:1      | Learned a level 3 spell: Conjure Flame
  1053 | D:1      | Learned a level 3 spell: Inner Flame
  1473 | D:2      | Found a burning altar of Makhleb.
  1473 | D:2      | Found a radiant altar of Vehumet.
  1490 | D:2      | Became a worshipper of Vehumet
  1571 | D:2      | Found a faded altar of an unknown god.
  1804 | D:2      | Noticed Sigmund
  1888 | D:2      | Found a bloodstained altar of Trog.
  1888 | D:2      | Found an iron altar of Okawaru.
  2026 | D:2      | Killed Sigmund
  2026 | D:2      | Reached skill level 6 in Spellcasting
  2026 | D:2      | Reached XP level 4. HP: 24/24 MP: 8/14
  2026 | D:2      | Reached XP level 5. HP: 28/28 MP: 8/15
  2044 | D:2      | Learned a level 4 spell: Sticky Flame
  2120 | D:3      | Noticed Ijyb
  2125 | D:3      | Killed Ijyb
  2285 | D:3      | Noticed Graouh's ghost (amateur MiFi)
  2380 | D:3      | Slain by Graouh's ghost

Vault maps used:
D:1:      dpeg_arrival_tiny_a, minmay_pentomino_p2
D:2:      gammafunk_temple_overflow_elements,
          chequers_temple_overflow_statue_of_worship,
          chequers_ecumenical_altar_simple_redux, uniq_sigmund
D:3:      uniq_iyjb

Skill      XL: |  1  2  3 |
---------------+----------+-----
Spellcasting   | 4 6 |  6.3
Conjurations   | 2 3 |  3.3
Fire Magic     | 4 |  4.4
Dodging        | |  2.4
Stealth        | |  2.4

Action                   |  1- 3 |  4- 6 || total
-------------------------+-------+-------++-------
Melee: Dagger            |    23 |     8 ||    31
 Cast: Flame Tongue      |    72 |    13 ||    85
       Throw Flame       |     5 |     1 ||     6
       Conjure Flame     |       |     2 ||     2
       Sticky Flame      |       |     1 ||     1
  Use: Scroll            |     4 |     3 ||     7
       Potion            |     3 |       ||     3
 Stab: Sleeping          |     5 |     1 ||     6
  Eat: Chunk             |     3 |     1 ||     4
Armor: Robe              |     9 |     2 ||    11
       Skin              |     4 |       ||     4
Dodge: Dodged            |    37 |    10 ||    47
